 Dungeon Crawl Stone Soup version 0.18-a0-1643-gb89d9db (webtiles) character file.

61 HandofTrog the Grave Robber (level 3, -1/26 HPs)
             Began as a Demonspawn Necromancer on Mar 28, 2016.
             Slain by a goblin
             ... wielding a +5 dagger
             ... led by Robin
              (9 damage)
             ... on level 2 of the Dungeon.
             The game lasted 00:14:43 (1947 turns).

HandofTrog the Grave Robber (DsNe)                  Turns: 1947, Time: 00:14:44

Health: -1/26      AC:  3    Str:  9    XL:     3   Next: 83%
Magic:  6/6        EV: 11    Int: 16    God:
Gold:   83         SH:  0    Dex: 13    Spells: 1 memorised, 5 levels left

rFire  . . .     SeeInvis .       - Unarmed
rCold  . . .     Gourm    .     r - +0 leather armour
rNeg   . . .     Faith    .     (no shield)
rPois  .         Spirit   .     (no helmet)
rElec  .         Dismiss  .     (no cloak)
rCorr  .         Reflect  .     (no gloves)
SustAt .         Harm     .     (no boots)
MR     .....                    (no amulet)
Stlth  ++........               (no ring)
                                (no ring)

@: not resistant to hostile enchantments, unstealthy
A: claws 1
a: no special abilities


You were on level 2 of the Dungeon.
You were not hungry.

You visited 1 branch of the dungeon, and saw 2 of its levels.

You collected 83 gold pieces.

Inventory:

Hand Weapons
 d - a +0 club
Missiles
 h - 20 poisoned needles
Armour
 a - a +0 robe
 r - a +0 leather armour (worn)
Jewellery
 e - a +5 ring of evasion {unknown}
 o - a +1 ring of protection {unknown}
Scrolls
 g - 2 scrolls of enchant armour {unknown}
 i - a scroll of teleportation {unknown}
 j - a scroll of fog {unknown}
 k - a scroll of blinking {unknown}
 m - a scroll of identify {unknown}
Potions
 l - 2 potions of agility
 p - a potion of flight {unknown}
Books
 b - a book of Necromancy

   Spells                             Type                      Level
   a - Pain                           Necromancy                   1
   b - Animate Skeleton               Necromancy                   1
   c - Vampiric Draining              Necromancy                   3
   d - Regeneration                   Charms/Necromancy            3
   e - Animate Dead                   Necromancy                   4
   f - Control Undead                 Necromancy                   4
Comestibles
 c - a bread ration
 n - 2 beef jerkies
 q - a meat ration
 s - 3 chunks of flesh


   Skills:
 - Level 1.6 Fighting
 - Level 1.7 Dodging
 - Level 1.7 Stealth
 + Level 2.6 Unarmed Combat
 - Level 2.0 Spellcasting
 - Level 4.3 Necromancy


You had 5 spell levels left.
You knew the following spells:

 Your Spells              Type           Power        Failure   Level  Hunger
a - Pain                  Necr           ###.         6%          1    #......


Dungeon Overview and Level Annotations

Branches:
Dungeon (2/15)

Altars:
Cheibriados

Annotations:
D:2 Robin


Innate Abilities, Weirdness & Mutations

You have sharp fingernails.


Message History

The goblin hits you but does no damage.
You scratch the goblin but do no damage.
The hobgoblin closely misses you.
The goblin hits you with an enchanted dagger.
You barely miss the goblin. The hobgoblin barely misses you.
The goblin misses you.
You scratch the goblin.
The goblin is heavily wounded.
The hobgoblin hits you!
* * * LOW HITPOINT WARNING * * *
The goblin closely misses you.
Drink which item? (? for menu, Esc to quit)
It was a potion of curing.
You feel better. The hobgoblin hits you. The goblin completely misses you.
You closely miss the goblin.
The goblin is moderately wounded.
The hobgoblin no longer looks unusually strong.
The hobgoblin hits you.
The goblin hits you with an enchanted dagger!
You die...

#### ### ... ..# #.#
#.# #.###.########
#...#.#......#
#.#.#.#.####.#
#.#####.....#[.....#
#..gg@g..........#.#
...#######...##.##.#.#
######.##.#.###
...........
.#.#..#.##.
..#.#....... ..
..#....... ...
###..).... ###..#....


You could see Robin, a hobgoblin and a goblin.

Vanquished Creatures
  Ijyb (D:2)
  A dart slug (D:1)
  5 bats
  A giant cockroach (D:2)
  10 goblins
  5 hobgoblins
  A kobold (D:2)
  A giant newt (D:1)
  3 rats
28 creatures vanquished.

Notes
Turn   | Place    | Note
--------------------------------------------------------------
     0 | D:1      | HandofTrog the Demonspawn Necromancer began the quest for the Orb.
     0 | D:1      | Reached XP level 1. HP: 13/13 MP: 3/3
     6 | D:1      | Noticed a rime drake
     6 | D:1      | Noticed a swamp worm
     6 | D:1      | Noticed a polar bear
   157 | D:1      | Reached skill level 1 in Fighting
   506 | D:1      | Gained mutation: You have sharp fingernails. [demonic ancestry]
   506 | D:1      | Reached XP level 2. HP: 2/21 MP: 0/5
  1038 | D:1      | Reached skill level 1 in Unarmed Combat
  1595 | D:2      | Found a snail-covered altar of Cheibriados.
  1596 | D:2      | Noticed Ijyb
  1622 | D:2      | Killed Ijyb
  1622 | D:2      | Reached XP level 3. HP: 11/26 MP: 4/6
  1931 | D:2      | Noticed Robin
  1945 | D:2      | HP: 1/26 [hobgoblin[Robin] (7)]
  1947 | D:2      | Slain by a goblin

Vault maps used:
D:1:      onia_arrival_zoo_common, corexii_item_surrounded_by_moat
D:2:      cheibriados_altar_1, uniq_robin, uniq_iyjb, uniq_terence

Skill      XL: |  1  2 |
---------------+-------+-----
Fighting       | 1 |  1.6
Unarmed Combat | 2 |  2.6
Dodging        | |  1.7
Stealth        | |  1.7
Spellcasting   | |  2.0
Necromancy     | |  4.3

Action                   || total
-------------------------++-------
Melee: Club              ||     7
       Unarmed           ||    89
 Cast: Pain              ||    15
  Use: Potion            ||     1
 Stab: Sleeping          ||     3
  Eat: Chunk             ||     3
